 Dungeon Crawl Stone Soup version 0.28.0-1-gb440e238dd (webtiles) character file.

Game seed: 4259307214161276063

30 fknight the Chopper (level 3, -2/33 HPs)
             Began as a Hill Orc Monk on Feb 24, 2022.
             Slain by Sigmund (5 damage)
             ... on level 2 of the Dungeon.
             The game lasted 00:03:35 (1514 turns).

fknight the Chopper (Hill Orc Monk)                 Turns: 1514, Time: 00:03:36

Health: -2/33      AC:  8    Str: 15    XL:     3   Next: 20%
Magic:  13/13      EV:  7    Int: 10    God:
Gold:   41         SH:  0    Dex: 13    Spells: 2/2 levels left

rFire   . . .      SeeInvis .   a - +0 hand axe
rCold   . . .      Faith    .   (no shield)
rNeg    . . .      Spirit   .   f - +0 chain mail
rPois   .          Reflect  .   (no helmet)
rElec   .          Harm     .   (no cloak)
rCorr   .          Rampage  .   (no gloves)
Will    .....                   (no boots)
Stlth   ..........              (no amulet)
HPRegen 0.11/turn               h - ring of magical power
MPRegen 0.13/turn               (no ring)

@: attractive
A: no striking features
a: no special abilities


You were on level 2 of the Dungeon.
You visited 1 branch of the dungeon, and saw 2 of its levels.

You collected 41 gold pieces.

Inventory:

Hand Weapons
 a - a +0 hand axe (weapon)
 k - a +0 hunting sling
Missiles
 i - 25 stones (quivered)
Armour
 f - a +0 chain mail (worn)
Magical Staves
 b - a staff of air
Jewellery
 h - a ring of magical power (left hand)


   Skills:
 + Level 4.0 Fighting
 + Level 4.3 Axes
 + Level 2.6 Dodging
 + Level 2.0 Stealth
 + Level 1.4 Invocations


You had 2 spell levels left.
You didn't know any spells.
Your spell library was empty.

Dungeon Overview and Level Annotations

Branches:
Dungeon (2/15)

Altars:

Annotations:
D:2 Sigmund


Message History

Sigmund hits you with a +0 scythe. The goblin hits you but does no damage.
Sigmund casts a spell at you. The puff of flame hits you.
The goblin hits you with a +0 dagger.
Sigmund hits you from afar with a +0 scythe!
The goblin hits you but does no damage.
Sigmund says, "Your kind have come here before.
I understand now why.
You desire death..."
There is a stone staircase leading up here.
Sigmund says, "I'm your fate."
You bump into the rock wall.
You feel less confused. The goblin hits you but does no damage.
Sigmund hits you from afar with a +0 scythe.
You miss the goblin. The goblin hits you with a +0 dagger.
* * * LOW HITPOINT WARNING * * *
You hit the goblin.
You kill the goblin!
Sigmund gestures at you while chanting.
You are confused.
Sigmund hits you but does no damage.
You see here a +0 dagger.
You hit Sigmund.
Sigmund is heavily wounded.
Sigmund hits you but does no damage.
There is a stone staircase leading up here.
You closely miss Sigmund.
Sigmund is heavily wounded.
Sigmund hits you with a +0 scythe!
* * * LOW HITPOINT WARNING * * *
You feel less confused. Sigmund closely misses you.
Okay, then.
It was a potion of attraction.
You feel attractive to monsters. Sigmund hits you but does no damage.
You hit Sigmund.
Sigmund is severely wounded.
Sigmund hits you with a +0 scythe.
You die...

#########
####.......###
#............#
#.>.<@......(#
#...)@........
#####.##...###
#.# #### #.#
#.# ..# #(# ..


You could see Sigmund.

Vanquished Creatures
  A dart slug (D:1)
  An endoplasm (D:1)
  A giant cockroach (D:1)
  3 goblins
  6 hobgoblins (D:1)
  6 jackals (D:1)
  2 kobolds (D:1)
  A ball python (D:1)
  A bat (D:1)
  A frilled lizard (D:1)
  A rat (D:1)
24 creatures vanquished.

Notes
Turn   | Place    | Note
-------+----------+-------------------------------------------
     0 | D:1      | fknight the Hill Orc Monk began the quest for the Orb.
     0 | D:1      | Reached XP level 1. HP: 19/19 MP: 1/1
    49 | D:1      | HP: 1/20 [kobold (4)]
   471 | D:1      | Reached XP level 2. HP: 27/27 MP: 2/2
   572 | D:1      | Reached skill level 1 in Invocations
   978 | D:1      | Reached XP level 3. HP: 24/33 MP: 2/4
  1490 | D:2      | Noticed Sigmund
  1514 | D:2      | Slain by Sigmund

Illustrated notes

Levels and vault maps discovered:
D:1:      dpeg_arrival_radiant, layout_loops_cross, minmay_misc_feat_room
D:2:      layout_basic, basic_altar, chequers_serial_rivers_small_b,
          amcnicky_mini_corridor_feature, hangedman_decor_clover_reticule,
          uniq_terence, uniq_sigmund

Skill      XL: |  1  2  3 |
---------------+----------+-----
Invocations    | 1 |  1.4
Fighting       | 4 |  4.0
Stealth        | 2 |  2.0
Axes           | |  4.3
Dodging        | |  2.6

Action                   || total
-------------------------++-------
Melee: Hand axe          ||    76
Throw: Javelin           ||     4
       Stone             ||     4
  Use: Scroll            ||     3
       Potion            ||     1
Armor: Robe              ||     2
       Leather armour    ||    10
       Chain mail        ||    24
Dodge: Dodged            ||    42
